 Dungeon Crawl Stone Soup version 0.20.0-15-g7f486f2 (webtiles) character file.

47 Naow the Magician (level 3, -1/19 HPs)
             Began as a Deep Elf Earth Elementalist on June 10, 2017.
             Slain by an adder (5 damage)
             ... on level 3 of the Dungeon.
             The game lasted 00:02:14 (1868 turns).

Naow the Magician (Deep Elf Earth Elementalist)     Turns: 1868, Time: 00:02:15

Health: -1/19      AC:  4    Str:  5    XL:     3   Next: 48%
Magic:  1/10       EV: 13    Int: 20    God:
Gold:   78         SH:  0    Dex: 15    Spells: 4/10 levels left

rFire    . . .     SeeInvis .   (no weapon)
rCold    . . .     Gourm    .   (no shield)
rNeg     . . .     Faith    .   c - +0 robe
rPois    .         Spirit   .   (no helmet)
rElec    .         Reflect  .   (no cloak)
rCorr    .         Harm     .   t - +1 pair of gloves
MR       .....                  (no boots)
Stlth    ++........             (no amulet)
Regen    0.1/turn               (no ring)
MPRegen  0.2/turn               (no ring)

@: very slightly contaminated
A: no striking features
a: no special abilities


You were on level 3 of the Dungeon.
You were very hungry.

You visited 1 branch of the dungeon, and saw 3 of its levels.

You collected 78 gold pieces.

Inventory:

Missiles
 b - 47 stones (quivered)
Armour
 c - a +0 robe (worn)
 t - a +1 pair of gloves (worn)
Scrolls
 a - 3 scrolls of remove curse {unknown}
 f - 3 scrolls of amnesia {unknown}
 g - 3 scrolls of teleportation {unknown}
 j - 2 scrolls of identify {unknown}
 q - a scroll of recharging {unknown}
 u - a scroll of enchant weapon {unknown}
Potions
 h - a potion of ambrosia {unknown}
 i - a potion of haste {unknown}
 k - a potion of might {unknown}
 l - 5 potions of curing {unknown}
 n - 3 potions of berserk rage {unknown}
 o - a potion of lignification {unknown}
 r - a potion of mutation {unknown}
 s - a potion of agility {unknown}
Books
 e - a book of Geomancy

   Spells                             Type                      Level
   a - Sandblast                      Earth                        1
   b - Passwall                       Transmutation/Earth          2
   c - Stone Arrow                    Conjuration/Earth            3
   d - Petrify                        Transmutation/Earth          4
   e - Lee's Rapid Deconstruction     Earth                        5
Comestibles
 d - 3 bread rations
 p - 2 meat rations


   Skills:
 - Level 2.4 Dodging
 - Level 2.4 Stealth
 + Level 4.3 Spellcasting
 - Level 1.1 Transmutations
 + Level 4.2 Earth Magic


You had 4 spell levels left.
You knew the following spells:

 Your Spells              Type           Power        Failure   Level  Hunger
a - Sandblast             Erth           ###...       2%          1    None
b - Stone Arrow           Conj/Erth      ##....       16%         3    ###....
c - Passwall              Tmut/Erth      ###.......   6%          2    #......


Dungeon Overview and Level Annotations

Branches:
Dungeon (3/15)

Altars:

Annotations:
D:3 Glitchraptor's ghost, weakling DrAE


Message History

Aim: Glitchraptor's ghost (almost destroyed, covering ground quickly)
The blast of sand hits Glitchraptor's ghost.
Glitchraptor's ghost is almost destroyed.
b - 48 stones Glitchraptor's ghost barely misses you.
The adder misses you.
Casting: Sandblast
Confirm with . or Enter, or press ? or * to list all spells.
Aiming: Sandblast
Press: ? - help, Shift-Dir - straight line, f/p - Glitchraptor's ghost
Aim: Glitchraptor's ghost (almost destroyed, covering ground quickly)
The blast of sand hits Glitchraptor's ghost.
Glitchraptor's ghost is almost destroyed.
b - 47 stones The adder closely misses you.
Glitchraptor's ghost hits you!
Ouch! That really hurt!
* * * LOW HITPOINT WARNING * * *
The adder closely misses you.
A bat comes into view.
The adder bites you.
You die...

.. .#.#
#.##.#.#
#....... #
..#.#.. #
#.#<#.#.#
#..#.#<#.#.#
#........#.#
#.##.#.###.#
#.#.@S..#####.#
#.....W........
###.###.####...
#.# #.# #.# #.#
#.# #..†....#
#.. ........#
#. ##........
##.##..##


You could see Glitchraptor's ghost and an adder.

Vanquished Creatures
  2 adders (D:2)
  A dart slug (D:1)
  A leopard gecko (D:3)
  2 bats (D:2)
  2 giant cockroaches (D:2)
  A goblin (D:2)
  5 hobgoblins
  5 kobolds
  A ball python (D:1)
  3 frilled lizards
  2 rats (D:1)
25 creatures vanquished.

Notes
Turn   | Place    | Note
-------+----------+-------------------------------------------
     0 | D:1      | Naow the Deep Elf Earth Elementalist began the quest for the Orb.
     0 | D:1      | Reached XP level 1. HP: 10/10 MP: 6/6
   525 | D:1      | Reached XP level 2. HP: 15/15 MP: 6/8
   928 | D:2      | Reached XP level 3. HP: 19/19 MP: 8/10
   933 | D:2      | Learned a level 3 spell: Stone Arrow
   936 | D:2      | Learned a level 2 spell: Passwall
  1792 | D:3      | Noticed Glitchraptor's ghost (weakling DrAE)
  1868 | D:3      | Slain by an adder

Skill      XL: |  1  2 |
---------------+-------+-----
Spellcasting   | 4 |  4.3
Earth Magic    | 4 |  4.2
Dodging        | |  2.4
Stealth        | |  2.4
Transmutations | |  1.1

Action                   || total
-------------------------++-------
Melee: Unarmed           ||     1
 Cast: Sandblast         ||    37
       Stone Arrow       ||     3
  Eat: Fruit             ||     1
       Chunk             ||     1
Armor: Robe              ||     2
Dodge: Dodged            ||    18
